 Dungeon Crawl Stone Soup version 0.30.0-29-ga12c61a403 (webtiles) character file.

Game seed: 14462058214805647368

39 Riddle the Magician (level 3, 25/25 HPs)
             Began as a Djinni Earth Elementalist on June 6, 2023.
             Quit the game on level 1 of the Dungeon.
             The game lasted 00:01:20 (1054 turns).

Riddle the Magician (Djinni Earth Elementalist)     Turns: 1054, Time: 00:01:21

Health: 25/25      AC:  2    Str:  7    XL:     3   Next: 67%
Gold:   104        EV: 12    Int: 18    God:
                   SH:  0    Dex: 13

rFire   + + .        (no weapon)
rCold   x . .        (no shield)
rNeg    . . .        a - +0 robe
rPois   ∞            (no helmet)
rElec   .            (no cloak)
rCorr   .            (no gloves)
SInv    .            (boots unavailable)
Will    .....        (no amulet)
Stlth   ++           (no ring)
HPRegen 0.24/turn    (no ring)
MPRegen 0.00/turn

%: no passive effects
@: flying
A: sickness immunity, fire resistance 2, cold vulnerability 1, float, innate
caster, HP casting, extra vitality 1
a: no special abilities


You were on level 1 of the Dungeon.
You visited 1 branch of the dungeon, and saw 1 of its levels.

You collected 104 gold pieces.

Inventory:

Armour
 a - a +0 robe (worn)
Scrolls
 b - a scroll of brand weapon {unknown}
 c - a scroll of fear {unknown}
 d - a scroll of identify {unknown}
 e - 3 scrolls of fog {unknown}
Potions
 f - a potion of magic {unknown}
 g - a potion of haste {unknown}


   Skills:
 + Level 2.3 Dodging
 + Level 1.8 Stealth
 + Level 0.2 Unarmed Combat
 + Level 3.2 Spellcasting


You knew the following spells:

 Your Spells              Type           Power      Damage    Failure   Level
a - Sandblast             Erth           28%        2d8       4%          1
b - Passwall              Tmut/Erth      11%        N/A       6%          2
c - Stone Arrow           Conj/Erth      28%        3d8       12%         3
d - Petrify               Tmut/Erth      14%        N/A       38%         4
e - Necrotise             Necr           56%        1d6       4%          1
Your spell library was empty.

Dungeon Overview and Level Annotations

Branches:
Dungeon (1/15)

Altars:


Innate Abilities, Weirdness & Mutations

You are immune to sickness and miasma.
You are immune to poison.
Your flesh is very heat resistant. (rF++)
You are vulnerable to cold. (rC-)
You float through the air rather than walking.
You learn spells naturally, not from books.
Your magical power is your life essence.
You have superior vitality. (+4 MHP)


Message History

A goblin is nearby!
You can't see any susceptible monsters within range! (Use Z to cast anyway.)
A goblin is nearby!
A goblin is nearby!
You can't see any susceptible monsters within range! (Use Z to cast anyway.)
There is a stone staircase leading down here.
A goblin is nearby!
The blast of sand hits the goblin!
You kill the goblin!
Found a dagger.
You can't see any susceptible monsters within range! (Use Z to cast anyway.)
You see here a +0 dagger.
g - a yellow potion You can't see any susceptible monsters within range! (Use Z to cast anyway.)
A bat comes into view.
A bat is nearby!
The blast of sand misses the bat.
The bat hits you but does no damage.
The blast of sand hits the bat.
The bat is severely wounded.
The bat misses you.
A bat is nearby!
A bat is nearby!
The blast of sand hits the bat!
You kill the bat!
You reach down and open the door.
There is an open door here.
There is a stone staircase leading down here.
Key pressed, stopping explore.
You can't see any susceptible monsters within range! (Use Z to cast anyway.) No target in view!
Done exploring.
You can't see any susceptible monsters within range! (Use Z to cast anyway.) Done exploring.
Done exploring.
You can't see any susceptible monsters within range! (Use Z to cast anyway.) Done exploring.
There is a stone staircase leading down here.
Search for what [? for help]? .
Okay, then.
Are you sure you want to abandon this character and quit the game? (Confirm with "yes".)

#.#............##....##.#.##
#.###..#.###...##..........#
#.###.##.# #...#..........÷.
#......#.# #.......#.#......
#.######.###...#...#.#......
### ####...#####..##.#......
#####............###........
#................# #....(...
#.###.#####@####.# #.......#
#.....# ##'####.# #.......#
#..#### #.......# #........
#..# ##.......###.......#
#..# #...............#+##
#..# #........###.#.....#
######..#
#.....##.###.#....##
........#
#.....#....#.#..###.
.####...#
#.....#..#.#.#..##.#


There were no monsters in sight!

Vanquished Creatures
  A bat (D:1)
  2 endoplasms (D:1)
  A giant cockroach (D:1)
  6 goblins (D:1)
  5 hobgoblins (D:1)
  4 jackals (D:1)
  2 quokkas (D:1)
  A ball python (D:1)
  A frilled lizard (D:1)
  6 kobolds (D:1)
  4 rats (D:1)
33 creatures vanquished.

Notes
Turn   | Place    | Note
-------+----------+-------------------------------------------
     0 | D:1      | Riddle the Djinni Earth Elementalist began the quest for
                  | the Orb.
     0 | D:1      | Riddle set off with the following spells memorised:
                  | Sandblast, Passwall, Stone Arrow, Petrify.
     0 | D:1      | Reached XP level 1. HP: 15/15 MP: 0/0
    51 | D:1      | Reached XP level 2. HP: 12/21 MP: 0/0
   366 | D:1      | Reached skill level 3 in Spellcasting
   494 | D:1      | Reached XP level 3. HP: 24/25 MP: 0/0
   494 | D:1      | Learned a level 1 spell: Necrotise
  1054 | D:1      | Quit the game

Illustrated notes

Levels and vault maps discovered:
D:1:      dpeg_arrival_morbid_curiosity, layout_basic

Skill      XL: |  1  2 |
---------------+-------+-----
Spellcasting   | 3 |  3.2
Dodging        | |  2.3
Stealth        | |  1.8
Unarmed Combat | |  0.2

Action                     || total
---------------------------++-------
  Melee: Unarmed           ||     4
   Cast: Sandblast         ||    48
 Armour: Robe              ||     6
  Dodge: Dodged            ||    14
